 Dungeon Crawl Stone Soup version 0.28.0-53-g5a82cb258f (webtiles) character file.

Game seed: 5109048779916384202

28151 unlimited1921 the Thaumaturge (level 13, -7/94 HPs)
             Began as a Djinni Fire Elementalist on June 2, 2022.
             Was an Initiate of Gozag.
             Killed by divine providence
             ... invoked by an orc priest
              (10 damage)
             ... on level 2 of the Orcish Mines.
             The game lasted 02:20:14 (26243 turns).

unlimited1921 the Thaumaturge (DjFE)               Turns: 26243, Time: 02:20:18

Health: -7/94      AC: 14    Str:  7    XL:     13   Next: 71%
Gold:   2485       EV: 11    Int: 27    God:    Gozag SH:  0 Dex: 20

rFire   + + .      SeeInvis +   Q - +2 falchion (protect)
rCold   x . .      Faith    .   (no shield)
rNeg    . . .      Spirit   .   T - +0 swamp dragon scales
rPois   ∞          Reflect  .   w - +2 helmet {Int+3}
rElec   .          Harm     .   (no cloak)
rCorr   .          Rampage  .   M - +1 pair of gloves
Will    +....      Clarity  +   (boots unavailable)
Stlth   ++........              (no amulet)
HPRegen 0.25/turn               H - +6 ring of dexterity
MPRegen 0.00/turn               d - ring of see invisible

@: marked, gold aura, flying
A: sickness immunity, fire resistance 2, cold vulnerability 1, float, innate
caster, HP casting, extra vitality 1, clarity, clever 1
a: Renounce Religion, Potion Petition, Call Merchant, Bribe Branch


You were on level 2 of the Orcish Mines.
You worshipped Gozag.
Gozag was most pleased with you.
You visited 3 branches of the dungeon, and saw 14 of its levels.

You collected 4368 gold pieces.
You spent 1799 gold pieces at shops.
You paid 84 gold pieces to Gozag.

Inventory:

Hand Weapons
 g - a +0 hunting sling
 t - a +3 scimitar of flaming
 B - a +1 whip of freezing
 J - a +5 vorpal long sword
 Q - a +2 falchion of protection (weapon)
 V - a +3 war axe
Missiles
 c - 475 stones
 i - a curare-tipped dart
 m - 89 bolts
 n - 16 poisoned darts
 o - 42 sling bullets
 z - 6 boomerangs of dispersal
 C - 6 atropa-tipped darts
 G - 4 throwing nets
 N - 6 javelins
 R - 15 boomerangs
Armour
 p - a scarf of shadows
 w - a +2 helmet of intelligence (worn)
 F - a +2 ring mail of poison resistance
 M - a +1 pair of gloves (worn)
 O - a +3 chain mail
 S - a +0 tower shield
 T - +0 swamp dragon scales (worn)
Magical Staves
 h - a staff of earth
 r - a staff of air
Jewellery
 d - a ring of see invisible (right hand)
 D - a +6 ring of dexterity
 H - a +6 ring of dexterity (left hand)
 I - a +6 ring of strength
 U - a +6 ring of strength
Wands
 a - a wand of flame (29)
 f - a wand of digging (8)
 q - a wand of acid (14)
 y - a wand of iceblast (10) (quivered)
Scrolls
 e - 4 scrolls of enchant weapon
 l - 5 scrolls of enchant armour
 s - 9 scrolls of teleportation
 A - 3 scrolls of magic mapping
 E - 4 scrolls of fear
 W - a scroll of blinking
Potions
 b - a potion of ambrosia
 v - 5 potions of lignification
 x - 6 potions of curing
 L - 2 potions of haste
 X - 3 potions of berserk rage
 Y - a potion of might
 Z - a potion of brilliance


   Skills:
 * Level 9.2 Fighting
 + Level 0.1(0.4) Short Blades
 + Level 0.6(0.7) Long Blades
 + Level 0.4 Axes
 + Level 4.4 Throwing
 + Level 6.1 Armour
 + Level 3.8 Dodging
 + Level 4.0 Stealth
 * Level 6.8 Shields
 + Level 0.1 Unarmed Combat
 + Level 13.1 Spellcasting


You had 6 spell levels left.
You knew the following spells:

 Your Spells              Type           Power      Damage    Failure   Level
a - Foxfire               Conj/Fire      100%       2x1d9     1%          1
b - Scorch                Fire           100%       2d10      1%          2
c - Conjure Flame         Conj/Fire      73%        6-21      1%          3
d - Inner Flame           Hex/Fire       73%        N/A       1%          3
e - Flame Wave            Conj/Fire      73%        2d13      1%          4
f - Apportation           Tloc           100%       N/A       1%          1
g - Wereblood             Tmut           73%        N/A       1%          2
h - Ozocubu's Armour      Ice            73%        N/A       1%          3
i - Summon Lightning Spi  Summ/Air       73%        N/A       1%          4
j - Sticky Flame          Conj/Fire      73%        2d9       1%          4
k - Blade Hands           Tmut           36%        N/A       1%          5
Your spell library was empty.

Dungeon Overview and Level Annotations

Branches:
Dungeon (11/15)            Temple (1/1) D:5            Lair (0/6) D:11
    Orc (2/2) D:9             Elf (0/3) Orc:2

Altars:
Ashenzari
Cheibriados
Dithmenos
Elyvilon
Fedhas
Gozag
Hepliaklqana
Kikubaaqudgha
Makhleb
Nemelex Xobeh
Okawaru
Qazlal
Ru
Sif Muna
Trog
Uskayaw
Vehumet
Wu Jian
Xom
Yredelemnul
Zin
The Shining One
Beogh

Shops:
D:9 !*   Orc:1 *

Annotations:
D:4 2 transporters, Tiocfaidh's ghost, amateur DjCA


Innate Abilities, Weirdness & Mutations

You are immune to sickness and miasma.
You are immune to poison.
Your flesh is very heat resistant. (rF++)
You are vulnerable to cold. (rC-)
You float through the air rather than walking.
You learn spells naturally, not from books.
Your magical power is your life essence.
You have superior vitality. (+4 MHP)
You possess an exceptional clarity of mind.
Your mind is acute. (Int +2)


Message History

An orc warrior comes into view. It is wielding a +0 battleaxe.
Casting: Inner Flame (safe; 1% risk of failure)
Confirm with . or Enter, or press ? or * to list all spells.
Flames lash the orc warrior.
Flame seeps out of the orc warrior.
The orc warrior is lightly wounded.
The orc warrior's fire resistance burns away.
An orc priest comes into view. It is wielding a +0 hand axe.
An orc comes into view. It is wielding a +0 flail.
The orc priest is distracted by your dazzling golden aura.
The orc high priest mumbles some strange prayers to Beogh against you.
Beogh smites you!
* * * LOW HITPOINT WARNING * * *
An orc warrior comes into view. It is wielding a +0 dire flail.
The orc warrior is engulfed in blazing flames.
The orc warrior explodes!
The fiery explosion engulfs the orc warrior!!
You kill the orc warrior!
The fiery explosion engulfs the orc warrior!!
The orc warrior is burned terribly!
Flame seeps out of the orc warrior.
The orc warrior is almost dead.
The orc warrior is engulfed in blazing flames.
The orc warrior explodes!
The orc priest shouts!
The orc knight is distracted by your dazzling golden aura.
The orc priest mumbles some strange prayers to Beogh against you.
Beogh smites you!
* * * LOW HITPOINT WARNING * * *
The orc high priest mumbles some strange prayers to Beogh.
Send 'em back where they came from!
Your lightning spire disappears in a puff of smoke!
The orc knight shouts!
The orc warrior shouts!
You feel better.
The orc knight is no longer distracted by gold.
The orc priest mumbles some strange prayers to Beogh against you.
Beogh smites you!
* * * LOW HITPOINT WARNING * * *
The orc priest calls down the wrath of Beogh upon you.
Beogh smites you!
You die...
Your body crumbles into a pile of gold.

.....###...........#.............
.................................
..........................###....
##.........##.##..........# #..>.
##.......#####.........### ####.
###.....## ##..#....## #..
#.....#.# ##........# ##.
##..##### #....##.... ## ###.#
##.@#$###.# #.# #$§.$$#### ###
#§§§o...# #o§°§$..$$# #$§)§o##.##
$.§§§$. ## ##o§)§o##


.oooooo o..oo)o$. You could see an orc knight, an orc high priest, 4 orc
warriors, 2 orc priests and 3 orcs.

Vanquished Creatures
  Josephine (D:10)
  2 hydras
  Harold (D:7)
  3 two-headed ogres
  An orc high priest (Orc:2)
  Pikel (D:5)
  A deep troll (shapeshifter) (D:8)
  A manticore (D:7)
  An orc knight (Orc:2)
  2 orc sorcerers (Orc:1)
  A cyclops (D:7)
  The ghost of greena the Chopper, a novice GrMo (D:8)
  A kobold demonologist (D:10)
  Psyche (D:10)
  4 trolls
  2 slime creatures (D:11)
  3 wraiths
  3 yaks (D:11)
  2 wyverns
  3 vampire mosquitoes (D:11)
  A warg (Orc:1)
  Edmund (D:4)
  2 water moccasins
  2 ice beasts
  19 orc warriors
  5 ogres
  A wolf (D:11)
  3 centaurs (D:11)
  A lemure (D:5)
  A kobold brigand (D:9)
  A wyvern zombie (D:8)
  3 bullfrogs
  A scorpion (D:6)
  2 wyvern skeletons
  7 killer bees
  A vampire bat (D:3)
  A howler monkey (D:7)
  2 electric eels (D:11)
  A bullfrog zombie (D:6)
  A centaur zombie (D:8)
  5 hounds
  2 jellies
  15 orc priests
  A centaur skeleton (D:7)
  A gnoll shaman (D:10)
  Jessica (D:3)
  2 iguanas (D:4)
  A scorpion zombie (D:5)
  Natasha (thrice) (D:2)
  23 orc wizards
  Ijyb (D:3)
  A howler monkey zombie (D:9)
  5 adders
  8 gnolls
  2 white imps
  2 adder skeletons
  2 worms
  3 dart slugs
  3 fire bats (D:3)
  53 orcs
  2 spectral bats (D:3)
  22 bats
  3 bat skeletons (D:3)
  A bat zombie (D:3)
  6 endoplasms
  4 giant cockroaches
  2 goblins
  5 hobgoblins
  A jackal (D:1)
  11 kobolds
  2 quokkas (D:1)
  6 ball pythons
  A bat simulacrum (D:3)
  4 frilled lizards
  4 rats
299 creatures vanquished.

Vanquished Creatures (collateral kills)
  An orc warlord (Orc:1)
  A boulder beetle (D:11)
  Erica (D:10)
  2 two-headed ogres
  Urug (Orc:1)
  Nergalle (Orc:1)
  A manticore (D:8)
  2 slime creatures (D:11)
  Maggie (D:7)
  2 trolls
  2 wraiths (D:10)
  A wyvern (D:11)
  2 yaks (D:11)
  2 steam dragons
  3 vampire mosquitoes
  4 wargs (Orc:1)
  11 orc warriors
  Duvessa (D:7)
  An ogre (Orc:2)
  A wolf (D:11)
  A centaur (D:11)
  A kobold brigand (D:8)
  A scorpion (D:6)
  A gnoll sergeant (D:6)
  Dowan (D:7)
  A wight (D:8)
  9 killer bees
  A bullfrog zombie (D:6)
  2 hounds (D:11)
  12 orc priests
  12 orc wizards
  6 gnolls
  A shadow imp (D:6)
  50 orcs
  2 kobolds (D:9)
  2 foxfires
144 creatures vanquished.

Vanquished Creatures (others)
  869 foxfires
869 creatures vanquished.

Grand Total: 1312 creatures vanquished

Notes
Turn   | Place    | Note
-------+----------+-------------------------------------------
     0 | D:1      | unlimited1921 the Djinni Fire Elementalist began the quest
                  | for the Orb.
     0 | D:1      | Reached XP level 1. HP: 15/15 MP: 0/0
   375 | D:1      | Reached XP level 2. HP: 6/21 MP: 0/0
  1360 | D:1      | Reached skill level 3 in Spellcasting
  1415 | D:1      | Reached XP level 3. HP: 16/26 MP: 0/0
  1415 | D:1      | Learned a level 1 spell: Apportation
  2040 | D:1      | Found a faded altar of an unknown god.
  2589 | D:2      | Noticed Natasha
  2599 | D:2      | Killed Natasha
  2600 | D:2      | Reached skill level 1 in Fighting
  2600 | D:2      | Reached XP level 4. HP: 25/33 MP: 0/0
  3204 | D:2      | Noticed Natasha
  3213 | D:2      | HP: 1/33 [white imp/puff of frost[Natasha] (10)]
  3214 | D:2      | Gained mutation: Your body sometimes deteriorates upon
                  | taking damage. [potion of mutation]
  3214 | D:2      | Gained mutation: Your muscles are strong. (Str +2) [potion
                  | of mutation]
  3214 | D:2      | Gained mutation: You are frail. (-10% HP) [potion of
                  | mutation]
  3448 | D:2      | Killed Natasha
  3449 | D:2      | Reached XP level 5. HP: 28/34 MP: 0/0
  3449 | D:2      | Learned a level 2 spell: Wereblood
  3539 | D:2      | Noticed Natasha
  3544 | D:2      | Killed Natasha
  3545 | D:2      | Reached skill level 1 in Armour
  4358 | D:3      | Noticed Jessica
  4363 | D:3      | Killed Jessica
  4364 | D:3      | Reached XP level 6. HP: 34/40 MP: 0/0
  4619 | D:3      | Reached skill level 4 in Spellcasting
  5432 | D:3      | Noticed Ijyb
  5436 | D:3      | Killed Ijyb
  5450 | D:3      | Reached XP level 7. HP: 40/44 MP: 0/0
  5450 | D:3      | Learned a level 3 spell: Ozocubu's Armour
  6221 | D:4      | Noticed Tiocfaidh's ghost (amateur DjCA)
  6224 | D:4      | Found a transporter.
  6224 | D:4      | Identified the +11 giant club "Pexkechy" {vorpal, *Rage
                  | +Blink rElec rPois}
  6226 | D:4      | Found a transporter.
  6632 | D:4      | Found a glowing drain.
  7043 | D:4      | Noticed Edmund
  7065 | D:4      | Killed Edmund
  7366 | D:4      | Reached skill level 5 in Spellcasting
  7902 | D:5      | Entered Level 5 of the Dungeon
  8018 | D:5      | Found a staircase to the Ecumenical Temple.
  8047 | D:5      | Noticed Pikel
  8060 | D:5      | Killed Pikel
  8061 | D:5      | Reached skill level 6 in Spellcasting
  8061 | D:5      | Reached XP level 8. HP: 19/52 MP: 0/0
  8490 | Temple   | Entered the Ecumenical Temple
  8604 | Temple   | Became a worshipper of Gozag Ym Sagoz the Greedy
  9233 | D:6      | Reached XP level 9. HP: 44/56 MP: 0/0
  9233 | D:6      | Learned a level 4 spell: Summon Lightning Spire
  9722 | D:6      | Reached skill level 7 in Spellcasting
  9997 | D:6      | Reached skill level 5 in Fighting
 10186 | D:6      | Found a basalt altar of Yredelemnul.
 10869 | D:7      | Noticed a seven-headed hydra
 10877 | D:7      | Killed a seven-headed hydra
 10878 | D:7      | Reached skill level 8 in Spellcasting
 10878 | D:7      | Reached XP level 10. HP: 48/64 MP: 0/0
 10928 | D:7      | Noticed a cyclops
 10939 | D:7      | Killed a cyclops
 11262 | D:7      | Noticed Harold
 11279 | D:7      | Killed Harold
 11280 | D:7      | Reached skill level 9 in Spellcasting
 12126 | D:7      | Noticed Duvessa
 12132 | D:7      | Killed Duvessa
 12133 | D:7      | Noticed Dowan
 12137 | D:7      | Killed Dowan
 12443 | D:7      | Noticed Maggie
 12449 | D:7      | Killed Maggie
 12980 | D:7      | Noticed a manticore
 12993 | D:7      | Killed a manticore
 12994 | D:7      | Reached skill level 1 in Throwing
 12994 | D:7      | Reached skill level 1 in Shields
 13359 | D:8      | Noticed a manticore
 13372 | D:8      | Killed a manticore
 13373 | D:8      | Reached XP level 11. HP: 64/70 MP: 0/0
 13373 | D:8      | Learned a level 4 spell: Sticky Flame
 13472 | D:8      | Found a runed translucent gate.
 13472 | D:8      | Found a runed translucent gate.
 13472 | D:8      | Found a runed translucent gate.
 13477 | D:8      | Found an opulent altar of Gozag.
 13902 | D:8      | Reached skill level 10 in Spellcasting
 14210 | D:8      | Lost mutation: Your body sometimes deteriorates upon taking
                  | damage. [potion of mutation]
 14210 | D:8      | Lost mutation: Your muscles are strong. (Str +2) [potion of
                  | mutation]
 14210 | D:8      | Lost mutation: You are frail. (-10% HP) [potion of
                  | mutation]
 14210 | D:8      | Gained mutation: You possess an exceptional clarity of
                  | mind. [potion of mutation]
 14210 | D:8      | Gained mutation: Your mind is acute. (Int +2) [potion of
                  | mutation]
 14282 | D:8      | Noticed a fire crab
 14282 | D:8      | Noticed greena's ghost (novice GrMo)
 14647 | D:8      | Noticed a deep troll
 14659 | D:8      | Killed a deep troll
 14665 | D:8      | Killed greena's ghost
 15657 | D:9      | Found Epreeritu's Distillery.
 15675 | D:9      | Bought 2 potions of berserk rage for 120 gold pieces
 15675 | D:9      | Bought a potion of might for 48 gold pieces
 15675 | D:9      | Bought a potion of brilliance for 48 gold pieces
 15675 | D:9      | Bought a potion of ambrosia for 96 gold pieces
 15675 | D:9      | Bought a potion of curing for 36 gold pieces
 16117 | D:9      | Found a staircase to the Orcish Mines.
 16874 | D:9      | Found Roahucri's Assorted Antiques.
 16884 | D:9      | Bought a brown potion for 26 gold pieces
 16884 | D:9      | Bought a scroll of enchant armour for 217 gold pieces
 16884 | D:9      | Bought a runed helmet for 217 gold pieces
 16884 | D:9      | Bought a scroll of magic mapping for 101 gold pieces
 16884 | D:9      | Bought a crooked brass wand for 116 gold pieces
 17297 | D:10     | Entered Level 10 of the Dungeon
 17427 | D:10     | Noticed Erica
 17433 | D:10     | Killed Erica
 17501 | D:10     | Noticed a two-headed ogre
 17510 | D:10     | Killed a two-headed ogre
 17511 | D:10     | Reached skill level 5 in Armour
 17984 | D:10     | Noticed a two-headed ogre
 17995 | D:10     | Killed a two-headed ogre
 18088 | D:10     | Noticed a two-headed ogre
 18092 | D:10     | Killed a two-headed ogre
 18093 | D:10     | Reached skill level 11 in Spellcasting
 18093 | D:10     | Reached XP level 12. HP: 79/86 MP: 0/0
 18747 | D:10     | Noticed Psyche
 18760 | D:10     | Killed Psyche
 19783 | D:10     | Noticed Josephine
 19796 | D:10     | Killed Josephine
 20345 | D:11     | Noticed an eight-headed hydra
 20354 | D:11     | Killed an eight-headed hydra
 20361 | D:11     | Noticed a two-headed ogre
 20364 | D:11     | Killed a two-headed ogre
 20912 | D:11     | Reached skill level 5 in Shields
 21510 | D:11     | Found a staircase to the Lair.
 21855 | D:11     | Noticed a boulder beetle
 21864 | D:11     | Reached skill level 12 in Spellcasting
 22017 | D:11     | Killed a boulder beetle
 22018 | D:11     | Reached XP level 13. HP: 31/93 MP: 0/0
 22018 | D:11     | Learned a level 5 spell: Blade Hands
 23122 | Orc:1    | Entered Level 1 of the Orcish Mines
 23826 | Orc:1    | Noticed Urug
 23835 | Orc:1    | Killed Urug
 24022 | Orc:1    | Found Ciutih's Assorted Antiques.
 24026 | Orc:1    | Bought a scroll of identify for 62 gold pieces
 24026 | Orc:1    | Bought a scroll of identify for 62 gold pieces
 24026 | Orc:1    | Bought a scroll of fear for 108 gold pieces
 24026 | Orc:1    | Bought a scroll of enchant weapon for 232 gold pieces
 24026 | Orc:1    | Bought a potion of haste for 310 gold pieces
 24065 | Orc:1    | Noticed Nergalle
 24071 | Orc:1    | Killed Nergalle
 24139 | Orc:1    | Noticed an orc warlord
 24148 | Orc:1    | Killed an orc warlord
 25195 | Orc:2    | Entered Level 2 of the Orcish Mines
 25800 | Orc:2    | Found a staircase to the Elven Halls.
 26225 | Orc:2    | Reached skill level 13 in Spellcasting
 26243 | Orc:2    | HP: 3/94 [orc priest/divine providence (11)]
 26243 | Orc:2    | Killed from afar by an orc priest

Illustrated notes

Levels and vault maps discovered:
D:1:      dpeg_arrival_more_subterranean_lakeside_camping, layout_rooms,
          hellmonk_ecumenical_altar_pennies_from_heaven, serial_park_tiny_2,
          minmay_split_cup_large
D:2:      layout_basic, basic_altar, uniq_natasha
D:3:      layout_rooms, goddamned_bats, uniq_jessica, uniq_ijyb
D:4:      layout_loops_cross, gammafunk_ghost_smash,
          cheibrodos_sewer_entry_drain, uniq_edmund
D:5:      layout_rooms, minmay_temple_entry_waves, hangedman_decor_peaks_small,
          uniq_pikel
D:6:      layout_gridville, lemuel_zombie_altar_yredelemnul
D:7:      layout_gridville, kb_rosetta, uniq_maggie, uniq_harold, uniq_duvessa
D:8:      layout_basic, ebering_ghost_gozag
D:9:      layout_roguey, hiddenorc1_lemuel, serial_shops,
          nicolae_shop_temple_entry_statues_fountains, nicolae_shop_statue_plus
D:10:     layout_layer_cave, eino_jars, uniq_erica, uniq_josephine, uniq_psyche
D:11:     layout_roguey [special_room_orc], erik_lair_island,
          serial_park_tiny_1, grunt_decor_cap
Temple:   kilobyte_greek_temple
Orc:1:    layout_caves, serial_shops, nicolae_shop_stone, uniq_nergalle,
          uniq_urug
Orc:2:    st_orc_congregation, layout_diamond_mine

Skill      XL: |  1  2  3  4  5  6  7  8  9 10 11 12 13 |
---------------+----------------------------------------+-----
Spellcasting   | 3 4 6 8 9 11 12 13 | 13.1
Fighting       | 1 2 4 5 6 7 8 9 |  9.2
Stealth        | 2 3 4 |  4.0
Armour         | 1 2 3 4 5 6 |  6.1
Throwing       | 1 3 4 |  4.4
Shields        | 1 3 5 6 |  6.8
Dodging        | 3 |  3.8
Short Blades   | |  0.1
Long Blades    | |  0.6
Axes           | |  0.4
Unarmed Combat | |  0.1

Action                   |  1- 3 |  4- 6 |  7- 9 | 10-12 | 13-15 || total
-------------------------+-------+-------+-------+-------+-------++-------
Melee: Short sword       |     1 |    10 |       |       |       ||    11
       Hand axe          |       |    13 |       |       |       ||    13
       Flail             |       |       |    12 |       |       ||    12
       Falchion          |       |       |       |       |     3 ||     3
       Unarmed           |       |       |       |       |     3 ||     3
Throw: Dart              |       |       |     1 |       |       ||     1
 Cast: Foxfire           |    81 |    51 |   108 |   181 |    97 ||   518
       Scorch            |       |    39 |    53 |   100 |    30 ||   222
       Inner Flame       |       |     2 |     5 |    46 |    41 ||    94
       Wereblood         |       |     2 |       |       |       ||     2
       Conjure Flame     |       |     1 |       |       |       ||     1
       Ozocubu's Armour  |       |       |     4 |     7 |       ||    11
       Summon Lightning  |       |       |    13 |    75 |    33 ||   121
       Sticky Flame      |       |       |       |     3 |       ||     3
       Blade Hands       |       |       |       |       |     1 ||     1
  Use: Potion            |       |     2 |     1 |     4 |     2 ||     9
       Scroll            |       |     1 |     8 |     5 |     3 ||    17
Armor: Leather armour    |     2 |    33 |     1 |       |       ||    36
       Swamp dragon scal |       |       |       |    41 |    16 ||    57
Dodge: Dodged            |     5 |    78 |    15 |    69 |    38 ||   205
